AoeStats
← PetForMeows

Arabia

510292242Analyzed
1v1 RM · 2d ago on Sep 30, 2026· 45m 26s· 2 players
Game mode
Random Map
Map size
Tiny (2 player)
Population
200
Speed
Normal
Resources
Standard
Victory
Conquest
Starting age
Dark Age
Ending age
Imperial Age
RankedLock teamsTeams togetherTeam positionsShared explorationLock speedFull tech treeHidden civsTurbo modeCheats
Victory
Defeat
🇦🇺 Saracens · Australia
908
+15
🇨🇳 Franks · China
893
-15
crazypig
9:54 Feudal Age
10:55 Double-Bit Axe
20:49 Castle Age
21:45 Gold Mining
22:07 Bow Saw
22:28 Husbandry
24:50 Treadmill Crane
27:26 Stone Mining
29:26 Fervor
30:16 Wheelbarrow
30:01 Forging
29:57 Scale Barding Armor
31:44 Hand Cart
32:17 Iron Casting
32:03 Chain Barding Armor
33:24 Gold Shaft Mining
35:35 Imperial Age
34:40 Squires
34:26 Arson
35:12 Scale Mail Armor
36:39 Conscription
37:36 Blast Furnace
36:18 Cavalier
37:08 Chivalry
38:00 Elite Throwing Axeman
39:53 Plate Barding Armor
39:34 Chain Mail Armor
PetForMeows
4:38 Loom
5:06 Loom
11:27 Feudal Age
12:04 Double-Bit Axe
14:44 Wheelbarrow
18:59 Forging
21:00 Castle Age
20:49 Arson
21:50 Scale Mail Armor
22:47 Squires
22:16 Pikeman
23:02 Horse Collar
27:38 Bow Saw
29:14 Heavy Plow
29:10 Stone Mining
29:53 Town Watch
31:24 Hand Cart
31:11 Town Patrol
31:48 Gold Mining
32:38 Iron Casting
32:10 Scale Barding Armor
32:27 Chain Mail Armor
33:00 Husbandry
33:11 Bloodlines
37:14 Imperial Age
35:16 Chain Barding Armor
37:18 Heavy Camel Rider
38:53 Conscription
39:03 Counterweights
40:16 Elite Mameluke
42:21 Blast Furnace
41:57 Plate Barding Armor
41:53 Plate Mail Armor
42:53 Fletching
44:15 Two-Man Saw
Connection lost

Rejoining the realm…

Still unreachable

The connection could not be restored.

Session expired

The server has moved on; the page needs a fresh start.